 Dungeon Crawl Stone Soup version 0.32-a0-986-ga09f62fbf4 (webtiles) character file.

Game seed: 2600965919146854978

23914 ooooo the Covert (level 13, -10/89 HPs)
             Began as an Octopode Conjurer on Apr 17, 2024.
             Was an Initiate of Gozag.
             Mangled by a five-headed hydra (12 damage)
             ... on level 3 of the Lair of Beasts on Apr 22, 2024.
             The game lasted 01:06:21 (24618 turns).

ooooo the Covert (Octopode Conjurer)               Turns: 24618, Time: 01:06:22

Health: -10/89     AC:  3    Str:  8    XL:     13   Next: 9%
Magic:  9/34       EV: 20    Int: 24    God:    Gozag
Gold:   2677       SH:  0    Dex: 10    Spells: 6/16 levels left

rFire   + + .        F - staff of Kyxtut {^Fragile rPois rF++ rC+++ Air Alchemy}
rCold   + + +        (no shield)
rNeg    . . .        L - +2 hat
rPois   +            h - amulet of the acrobat
rElec   .            g - ring of magical power
rCorr   .            p - ring of magical power
SInv    .            K - +5 ring of evasion
Will    .....        O - ring of protection from cold
Stlth   ++++++       (no ring)
HPRegen 0.34/turn    (no ring)
MPRegen 0.24/turn    (no ring)
                     (no ring)

%: acrobat
@: very slightly contaminated
A: almost no armour, amphibious, 8 rings, camouflage 1, gelatinous body 1,
(nimble swimmer 1), tentacles
a: Renounce Religion, Potion Petition, Call Merchant, Bribe Branch


You were on level 3 of the Lair of Beasts.
You worshipped Gozag.
Gozag was most pleased with you.
You visited 3 branches of the dungeon, and saw 14 of its levels.
You also visited: Bailey.

You collected 2996 gold pieces.
You spent 247 gold pieces at shops.
You paid 72 gold pieces to Gozag.

Inventory:

Hand Weapons
 d - a +0 dagger
 f - a +2 short sword
 t - a +1 dagger of draining
 M - a +2 dagger of venom
 W - the +3 rapier "Dragon's Foe" {freeze, Will+ Dex+3}
   (You found it on level 10 of the Dungeon)

   Dex+3:     It affects your dexterity (+3).
   Will+:     It increases your willpower.
Missiles
 u - a throwing net
 D - 20 boomerangs (quivered)
Armour
 G - a +0 kite shield
 L - a +2 hat (worn)
Magical Staves
 E - a staff of air
 F - the staff of Kyxtut (weapon) {^Fragile rPois rF++ rC+++ Air Alchemy}
   (You found it in a bailey)

   [staff of alchemy]

   Base accuracy: +5 Base damage: 5 Base attack delay: 1.2 This weapon's minimum
   attack delay (0.6) is reached at skill level 12.
   rF++:      It greatly protects you from fire.
   rC+++:     It renders you almost immune to cold.
   rPois:     It protects you from poison.
   ^Fragile:  It will be destroyed if unequipped.
   Air:       It increases the power of your Air spells.
   Alchemy:   It increases the power of your Alchemy spells.
   It falls into the 'Staves' category.
   It is a one-tentacled weapon.
 R - a staff of cold
Jewellery
 g - a ring of magical power (left tentacle)
 h - an amulet of the acrobat (around mantle)
 o - the amulet "Kameg" {Acrobat Harm rPois}
   (You found it on level 7 of the Dungeon)

   [amulet of the acrobat]

   Acrobat:   It increases your evasion while moving and waiting.
   rPois:     It protects you from poison.
   Harm:      It increases damage dealt and taken.
 p - a ring of magical power (right tentacle)
 w - a ring of ice
 K - a +5 ring of evasion (on tentacle)
 O - a ring of protection from cold (on tentacle)
 Y - an amulet of magic regeneration
Wands
 c - a wand of flame (31)
 l - a wand of paralysis (2)
 H - a wand of light (3)
 J - a wand of polymorph (6)
 P - a wand of digging (1)
Scrolls
 a - 2 scrolls of torment
 k - a scroll of enchant armour
 s - 2 scrolls of immolation
 v - 3 scrolls of teleportation
 y - a scroll of butterflies
 B - 2 scrolls of revelation
 I - 3 scrolls of amnesia
 N - 2 scrolls of silence {unknown}
 S - a scroll of fog {unknown}
 T - a scroll of brand weapon {unknown}
 U - a scroll of vulnerability {unknown}
 X - a scroll of blinking {unknown}
Potions
 b - 3 potions of attraction
 e - 2 potions of might
 i - 7 potions of curing
 j - a potion of berserk rage {unknown}
 m - 4 potions of brilliance
 n - 2 potions of lignification
 q - a potion of resistance
 r - a potion of experience
 z - a potion of invisibility {unknown}
 A - a potion of mutation {unknown}
 C - a potion of cancellation
 Q - a potion of haste


   Skills:
 + Level 8.7 Fighting
 + Level 9.0 Dodging
 + Level 12.3 Stealth
 - Level 2.3 Spellcasting
 - Level 11.0 Conjurations
 * Level 9.0 Ice Magic
 + Level 7.6 Shapeshifting


You had 6 spell levels left.
You knew the following spells:

 Your Spells              Type           Power      Damage    Failure   Level
a - Searing Ray           Conj           100%       2d8       1%          2
c - Fulminant Prism       Conj/Alch      21%        3d12      12%         4
d - Iskenderun's Mystic Conj/Tloc 29%            2d7        (+2d3     12%         4

Your spell library contained the following spells:

 Spells                   Type           Power      Damage    Failure   Level
 Foxfire                  Conj/Fire      100%       2x1d9     1%          1
 Magic Dart               Conj           100%       1d8       1%          1
 Hailstorm                Conj/Ice       50%        3d10      1%          3
 Summon Small Mammal      Summ           8%         N/A       12%         1
 Call Imp                 Summ           4%         N/A       19%         2
 Sublimation of Blood     Necr           2%         N/A       19%         2
 Call Canine Familiar     Summ           2%         N/A       34%         3
 Summon Blazeheart Golem  Fire/Summ      2%         N/A       75%         4
 Permafrost Eruption      Ice/Erth       12%        2x4d4     96%         6
 Alistair's Intoxication  Alch           2%         N/A       97%         5
 Borgnjor's Vile Clutch   Necr/Erth      1%         N/A       97%         5
 Eringya's Noxious Bog    Alch           2%         4d6       100%        6
 Ozocubu's Refrigeration  Ice            23%        4d12      94%         7
 Summon Hydra             Summ           1%         N/A       100%        7


Dungeon Overview and Level Annotations

Branches:
Dungeon (10/15) Zot: 25889  Temple (1/1) D:4 Zot: 5957    Lair (3/5) D:10 Zot: 9903
  Swamp (0/4) Lair:3        Snake (0/4) Lair:3       Bailey (visited)
    Orc: D:9-12

Altars:
Ashenzari
Cheibriados
Dithmenos
Elyvilon
Fedhas
Gozag
Hepliaklqana
Kikubaaqudgha
Makhleb
Nemelex Xobeh
Okawaru
Qazlal
Ru
Sif Muna
Trog
Uskayaw
Vehumet
Wu Jian
Xom
Yredelemnul
Zin
The Shining One

Shops:
D:5 *   D:8 !

Annotations:
D:7 2 transporters, dogverified's ghost, novice OpSh


Innate Abilities, Weirdness & Mutations

You cannot wear most types of armour.
You are amphibious.
You can wear up to eight rings at the same time.
Your skin changes colour to match your surroundings (Stealth+).
Your rubbery body absorbs attacks. (AC +1, EV +1)
((You are camouflaged when in or above water. (Stealth+)))
You have tentacles for arms and can constrict up to eight enemies at once.


Message History

The mystic blast hits the five-headed hydra!
The five-headed hydra is heavily wounded.
The five-headed hydra is knocked back by the mystic blast.
A nearby plant withers and dies.
A nearby fungus withers and dies.
Casting: Iskenderun's Mystic Blast (dangerous; 12% risk of failure)
Confirm with . or Enter, or press ? or * to list all spells.
You erupt in a blast of force!
The mystic blast hits the five-headed hydra!
The five-headed hydra is heavily wounded.
Unknown command.
Casting: Iskenderun's Mystic Blast (dangerous; 12% risk of failure)
Confirm with . or Enter, or press ? or * to list all spells.
You miscast Iskenderun's Mystic Blast.
You are very lightly contaminated with residual magic.
Nothing appears to happen.
The five-headed hydra bites you.
The five-headed hydra closely misses you.
The five-headed hydra barely misses you.
The five-headed hydra bites you! x2
Casting: Iskenderun's Mystic Blast (dangerous; 12% risk of failure)
Confirm with . or Enter, or press ? or * to list all spells.
You erupt in a blast of force!
The mystic blast hits the five-headed hydra!
The five-headed hydra is severely wounded.
The five-headed hydra bites you but does no damage.
The five-headed hydra bites you!
The five-headed hydra bites you but does no damage.
The five-headed hydra barely misses you. x2
Casting: Iskenderun's Mystic Blast (dangerous; 12% risk of failure)
Confirm with . or Enter, or press ? or * to list all spells.
You miscast Iskenderun's Mystic Blast.
Nothing appears to happen.
The five-headed hydra bites you! x2
* * * LOW HITPOINT WARNING * * *
The five-headed hydra bites you!
* * * LOW HITPOINT WARNING * * *
The five-headed hydra bites you!
* * * LOW HITPOINT WARNING * * *
The five-headed hydra bites you!
You die...
Your body crumbles into a pile of gold.

### ### ### #########
###.####.###.#####.#.#.#.####.#
..............<.@D........?....
###....###.P.#......###.##.....
#.....## ###.###...###.## ...
##.....####...#....##*. .
'.+....##....##.....#..
.##...#......##....##..
##.....#......#..################
##....##.##..#.###~~~~~~~~~~#~~~#
..+...#####....~~~~~~#######~~###


You could see a five-headed hydra.

Vanquished Creatures
  An orc warlord (Bailey)
  Fannar (Lair:2)
  2 hydras
  A skyshark (Lair:3)
  Pikel (D:5)
  A black mamba (Lair:2)
  12 elephants (Lair:2)
  5 cane toads
  3 komodo dragons
  4 unseen horror zombies (D:9)
  3 polar bears
  2 hornets (Lair:1)
  Grinder (D:3)
  4 blink frogs (Lair:1)
  4 wyverns
  25 yaks
  A wraith (D:9)
  2 acid dragons
  A naga (Lair:3)
  8 water moccasins
  5 orc warriors
  2 ice beasts
  8 wolves
  2 centaurs (D:8)
  2 lemures (D:5)
  A kobold brigand (D:9)
  13 bullfrogs
  A gnoll sergeant (D:8)
  2 scorpions
  16 wights
  5 killer bees
  3 electric eels (Lair:3)
  2 howler monkeys (D:10)
  4 centaur zombies (D:9)
  6 hounds
  2 jellies
  A gnoll bouda (D:5)
  6 orc priests
  A sleepcap (D:3)
  3 iguanas
  Ijyb (D:3)
  8 orc wizards
  5 hell rats (Lair:3)
  A killer bee zombie (D:9)
  A howler monkey zombie (D:9)
  21 gnolls
  13 adders
  2 ufetubi (D:5)
  3 dart slugs
  2 ribbon worms
  32 orcs
  9 endoplasms
  7 giant cockroaches
  13 hobgoblins
  2 jackals (D:1)
  3 quokkas
  4 ball pythons (D:2)
  9 bats
  3 frilled lizards (D:1)
  16 goblins
  29 kobolds
  4 rats
355 creatures vanquished.

Vanquished Creatures (others)
  66 fulminant prisms
66 creatures vanquished.

Grand Total: 421 creatures vanquished

Notes
Turn   | Place    | Note
-------+----------+-------------------------------------------
     0 | D:1      | ooooo the Octopode Conjurer began the quest for the Orb.
     0 | D:1      | Reached XP level 1. HP: 11/11 MP: 3/3
   216 | D:1      | Reached skill level 3 in Stealth
   216 | D:1      | Reached XP level 2. HP: 17/17 MP: 1/5
   398 | D:1      | Learned a level 2 spell: Searing Ray
   498 | D:1      | Reached XP level 3. HP: 12/21 MP: 0/6
  1081 | D:2      | Reached XP level 4. HP: 27/27 MP: 7/7
  1084 | D:2      | Reached skill level 1 in Fighting
  1255 | D:2      | Found an iron altar of Okawaru.
  1333 | D:2      | Reached skill level 1 in Shapeshifting
  1379 | D:2      | Reached XP level 5. HP: 30/33 MP: 8/8
  2166 | D:3      | Learned a level 4 spell: Fulminant Prism
  2173 | D:3      | Noticed Ijyb
  2174 | D:3      | Reached skill level 4 in Stealth
  2678 | D:3      | Noticed Grinder
  2766 | D:3      | Killed Ijyb
  2767 | D:3      | Reached skill level 5 in Conjurations
  2970 | D:3      | Reached XP level 6. HP: 39/39 MP: 9/9
  4223 | D:3      | Killed Grinder
  4224 | D:3      | Reached skill level 5 in Stealth
  4224 | D:3      | Reached XP level 7. HP: 40/45 MP: 7/10
  4607 | D:4      | Found a staircase to the Ecumenical Temple.
  4715 | Temple   | Entered the Ecumenical Temple
  4736 | Temple   | Became a worshipper of Gozag Ym Sagoz the Greedy
  4948 | D:5      | Entered Level 5 of the Dungeon
  5282 | D:5      | Noticed Pikel
  5374 | D:5      | Reached XP level 8. HP: 38/52 MP: 10/11
  5942 | D:5      | Reached skill level 6 in Stealth
  6389 | D:5      | Found Rodox Gosh's General Store.
  6391 | D:5      | Found Enecsaw's Specific Store.
  6395 | D:5      | Bought a scroll of identify for 22 gold pieces
  6399 | D:5      | Bought a potion of brilliance for 60 gold pieces
  7103 | D:5      | Killed Pikel
  7104 | D:5      | Reached skill level 5 in Dodging
  7104 | D:5      | Reached XP level 9. HP: 22/59 MP: 8/12
  7698 | D:5      | Learned a level 4 spell: Iskenderun's Mystic Blast
  7728 | D:6      | Reached skill level 7 in Stealth
  8499 | D:6      | Identified the +2 robe of Put Lisa {Dex+2}
  8782 | D:7      | Identified the amulet "Kameg" {Acrobat Harm rPois}
  8845 | D:7      | Found a flagged portal.
  8936 | Bailey   | Entered a bailey
  8941 | Bailey   | Noticed an orc warlord
  9263 | Bailey   | Reached skill level 5 in Fighting
  9482 | Bailey   | Found a runed translucent gate.
  9482 | Bailey   | Found a runed translucent gate.
  9482 | Bailey   | Found a runed translucent gate.
 10208 | Bailey   | Killed an orc warlord
 10209 | Bailey   | Reached skill level 8 in Stealth
 10209 | Bailey   | Reached XP level 10. HP: 67/67 MP: 2/13
 10606 | Bailey   | Identified the staff of Kyxtut {^Fragile rPois rF++ rC+++
                  | Air Alchemy}
 10749 | D:7      | Found a transporter.
 10884 | D:7      | Reached skill level 5 in Shapeshifting
 10927 | D:7      | Got the Treatise on Tropical Ice
 10949 | D:7      | Found a transporter.
 11222 | D:7      | Noticed dogverified's ghost (novice OpSh)
 12362 | D:8      | Reached skill level 1 in Ice Magic
 12625 | D:8      | Found Femycy's Distillery.
 12637 | D:8      | Bought a potion of haste for 110 gold pieces
 12637 | D:8      | Bought a potion of heal wounds for 55 gold pieces
 13421 | D:9      | Reached skill level 9 in Stealth
 13995 | D:9      | Noticed Maggie
 14496 | D:9      | Reached XP level 11. HP: 74/74 MP: 14/14
 14582 | D:9      | Maggie changed into Maggie the bullfrog
 14582 | D:9      | Noticed Maggie
 14589 | D:9      | Killed Maggie the bullfrog
 15063 | D:9      | Found an ornate altar of the Wu Jian Council.
 15203 | D:9      | Reached skill level 10 in Stealth
 15203 | D:9      | Reached skill level 10 in Conjurations
 15418 | D:10     | Entered Level 10 of the Dungeon
 15554 | D:10     | Found a staircase to the Lair.
 15630 | D:10     | Identified the +3 rapier "Dragon's Foe" {freeze, Will+
                  | Dex+3}
 15687 | D:10     | Reached skill level 5 in Ice Magic
 16529 | Lair:1   | Entered Level 1 of the Lair of Beasts
 16815 | Lair:1   | Paralysed by a hornet for 1 turns
 17470 | Lair:1   | Noticed a five-headed hydra
 18363 | Lair:1   | Killed a five-headed hydra
 18364 | Lair:1   | Reached skill level 11 in Stealth
 18364 | Lair:1   | Reached XP level 12. HP: 59/81 MP: 15/15
 18649 | Lair:2   | Noticed a six-headed hydra
 19216 | Lair:2   | Found a glowing silver altar of Zin.
 19804 | Lair:2   | Killed a six-headed hydra
 21097 | Lair:3   | Noticed Fannar
 21126 | Lair:2   | Killed Fannar
 21571 | Lair:3   | Found a staircase to the Swamp.
 22370 | Lair:3   | Reached skill level 12 in Stealth
 22777 | Lair:3   | Noticed a boulder beetle
 22779 | Lair:3   | Upgraded the game from 0.32-a0-961-gd60f5e5fc7 to
                  | 0.32-a0-986-ga09f62fbf4
 22798 | Lair:3   | Noticed a skyshark
 23477 | Lair:3   | Reached XP level 13. HP: 89/89 MP: 16/16
 24167 | Lair:3   | Found a staircase to the Snake Pit.
 24618 | Lair:3   | HP: 2/89 [five-headed hydra (12)]
 24618 | Lair:3   | Mangled by a five-headed hydra

Illustrated notes

Levels and vault maps discovered:
D:1:      heliophobic_arrival_glass_houses, layout_basic, serial_forest,
          infiniplex_forest_lined_ring, infiniplex_forest_clump_curved,
          infiniplex_forest_lined_room_2, infiniplex_forest_end_double,
          infiniplex_forest_lined_3, infiniplex_forest_clump_curved,
          infiniplex_forest_lined_room_3
D:2:      minmay_chambers_of_ones, layout_basic, basic_altar, serial_bayou,
          serial_bayou_shore_a, serial_bayou_pond_c, serial_bayou_shore_b,
          serial_bayou_pond_c, grunt_ministairs_7, mrwooster_statue_mirror
D:3:      layout_loops_ring, minmay_statues_item, minivault_5,
          reono_crystal_passage, uniq_ijyb, uniq_grinder,
          uniq_crazy_yiuf_cottage
D:4:      minmay_spotlight, layout_cave_pools, minmay_temple_entry_fiery
D:5:      layout_loops_ring, nicolae_specific_store,
          hangedman_decor_diamond_cutter, uniq_pikel
D:6:      layout_loops_cross
D:7:      layout_cave_pools, enter_bailey_3, nzn_ghost_randoct
D:8:      layout_rooms, serial_shops, nicolae_shop_industrial_runoff
D:9:      layout_rooms, kennysheep_little_box, serial_undead, serial_undead_a,
          serial_undead_e, serial_undead_c, serial_undead_b, serial_undead_a,
          serial_undead_d, serial_undead_c, uniq_maggie
D:10:     layout_basic, lair_entry_dummy
Temple:   minmay_crystal_snake_temple
Lair:1:   layout_roguey
Lair:2:   layout_cave_pods, basic_altar, serial_bayou_crossing
Lair:3:   layout_regular_city, minmay_swamp_entry_eels,
          alex1729_snake_entry_snake, chequers_serial_rivers_large_b,
          wad_woods_road_01, serial_bayou_shore_b, uniq_fannar

Skill      XL: |  1  2  3  4  5  6  7  8  9 10 11 12 13 |
---------------+----------------------------------------+-----
Stealth        | 3 4 5 6 8 9 11 12 | 12.3
Fighting       | 1 2 3 4 5 6 7 8 |  8.7
Shapeshifting  | 1 2 3 4 5 6 7 |  7.6
Dodging        | 3 4 5 6 8 9 |  9.0
Conjurations   | 5 6 7 9 10 11 | 11.0
Ice Magic      | 4 6 8 9 |  9.0
Spellcasting   | |  2.3

Action                     |  1- 3 |  4- 6 |  7- 9 | 10-12 | 13-15 || total
---------------------------+-------+-------+-------+-------+-------++-------
  Melee: Unarmed           |     6 |       |       |       |       ||     6
         Constrict         |    10 |    18 |    15 |     1 |       ||    44
         Tentacles         |     7 |    13 |    13 |     1 |       ||    34
         Dagger            |    17 |       |       |       |       ||    17
         Short sword       |    13 |    65 |    50 |       |       ||   128
         Staff             |       |       |       |     5 |       ||     5
   Cast: Magic Dart        |    10 |       |     6 |       |       ||    16
         Searing Ray       |     5 |    32 |    80 |   174 |       ||   291
         Fulminant Prism   |       |       |     1 |    56 |     9 ||    66
         Iskenderun's Myst |       |       |       |    22 |    10 ||    32
  Evoke: Wand              |       |     1 |     7 |    22 |       ||    30
    Use: Scroll            |     4 |     4 |     6 |    16 |       ||    30
         Potion            |       |     4 |       |     3 |       ||     7
   Stab: Sleeping          |     5 |     9 |     7 |       |       ||    21
         Distracted        |     1 |       |       |       |       ||     1
 Armour: Skin              |    14 |    24 |    51 |   169 |    19 ||   277
  Dodge: Dodged            |    21 |    61 |   101 |   594 |    12 ||   789

Table legend: (Time is in decaauts)
 A = Elapsed time spent in this place.
 B = Non-inter-level travel time spent in this place.
 C = Inter-level travel time spent in this place.
 D = Time resting spent in this place.
 E = Time spent auto-exploring this place.
 F = Levels seen in this place.
 G = Mean time per level.
                   A        B        C        D        E       F      G
               +--------+--------+--------+--------+--------+-----+--------+
         Total |  24631 |  24078 |    553 |   9910 |  10384 |  15 | 1642.1 |
       Dungeon |  14794 |  14328 |    466 |   5180 |   7066 |  10 | 1479.4 |
        Temple |     42 |      2 |     40 |      0 |      0 |   1 |   42.0 |
          Lair |   8095 |   8048 |     47 |   3812 |   3051 |   3 | 2698.3 |
        Bailey |   1699 |   1699 |      0 |    918 |    267 |   1 | 1699.0 |
               +--------+--------+--------+--------+--------+-----+--------+

Top non-repeatable levels by time:
  Lair:2: 3590 daAuts
     D:5: 2381 daAuts
  Lair:3: 2370 daAuts
  Lair:1: 2134 daAuts
     D:2: 1910 daAuts
     D:7: 1740 daAuts
  Bailey: 1699 daAuts
     D:9: 1637 daAuts
     D:8: 1569 daAuts
     D:3: 1313 daAuts
     D:4: 1248 daAuts
    D:10: 1110 daAuts
     D:6: 1057 daAuts
     D:1: 824 daAuts
  Temple: 42 daAuts
